[Event "3rd VIZAG GM-Open 2022"]
[Site "Visakapatnam"]
[Date "2022.06.13"]
[Round "1.1"]
[White "Samal Ansuman"]
[Black "Amonatov, Farrukh"]
[Result "0-1"]
[ECO "B25"]
[WhiteElo "1776"]
[BlackElo "2622"]
[Annotator "TA"]
[PlyCount "90"]
[EventDate "2022.06.13"]
[EventType "swiss"]
[EventCountry "IND"]
[SourceTitle "playchess.com"]
[Source "ChessBase"]
[SourceQuality "1"]
[TimeControl "5400+30"]

1. e4 c5 2. Nc3 d6 3. g3 Nc6 4. Bg2 g6 5. d3 Bg7 6. f4 e6 7. Nf3 Nge7 8. O-O O-O 9. Be3 Nd4 10. e5 Nef5 11. Bf2 Nxf3+ 12. Qxf3 Nd4 13. Qd1 dxe5 14. fxe5 Bxe5 15. Ne4 f5 16. Nxc5 Qc7 17. b4 Bg7 18. c3 {[%emt 0:08:53] B25: Closed Sicilian: 3 g3, lines without early Be3.} Nb5 19. Rc1 e5 (19... Bxc3 $2 20. a4 $18) 20. a4 {[%emt 0:10:16] White is slightly better.} Nd6 21. a5 {[%emt 0:05:44] Black must now prevent a6.} Rb8 $1 22. Qb3+ Kh8 {[%emt 0:01:39] [#]} 23. Na4 $146 ({Predecessor:} 23. Ne6 Bxe6 24. Qxe6 b6 25. axb6 axb6 26. c4 Rfe8 27. Qd5 e4 28. c5 bxc5 29. Bxc5 {½-½ (41) Rieling,T (2183)-Rosmann,I (2264) Germany 2007}) 23... b6 24. axb6 axb6 25. b5 {[%emt 0:02:16] [#]} (25. c4 $11) 25... f4 $1 $17 26. Bc6 ({White should try} 26. Qd5 $1 $15) 26... Bh3 $19 27. Rfe1 fxg3 28. hxg3 (28. Bxg3 $17 {was the crucial defense.} Nf5 29. Bf2) 28... e4 {[%emt 0:02:48][%cal Of8f2,Be5e4,Be4d3,Bd3c2][%mdl 32] ...Rxf2! is the strong threat.} 29. Qc2 Rf3 {[%emt 0:04:11] And now ...Rbf8 would win.} 30. Re3 Rxe3 31. Bxe3 {[%emt 0:00:05] [#]} Nxb5 $1 32. Bf4 {[%emt 0:00:43] [#]} Qxc6 33. Bxb8 exd3 34. Qf2 {[%emt 0:00:59][%mdl 8192] [#]} (34. Qd2 $17 {nothing else works.}) 34... Nd4 $1 35. cxd4 (35. Kh2 Bg4) 35... Qxc1+ 36. Kh2 Qc2 37. Qxc2 dxc2 38. Bf4 {[%emt 0:00:04] [#]} Bxd4 $1 {[%emt 0:00:27][%cal Ob6b5] ( -> ...b5!)} 39. Kxh3 {[%emt 0:00:05][%mdl 4096] Endgame} (39. Nxb6 Be6) 39... b5 {[%emt 0:00:06][%cal Bb6b5,Bb5a4,Ba4a3,Ba3a2][%mdl 32] Black mates.} 40. Kg4 bxa4 41. Bc1 Bc5 42. Kf3 a3 43. Ke2 a2 44. Bb2+ Kg8 45. Kd2 {[%emt 0:00:08] [#]} Ba3 $1 {[%emt 0:00:17][%mdl 512] Weighted Error Value: White=0.83/Black=0.11 (very precise)} 0-1

[Event "3rd VIZAG GM-Open 2022"]
[Site "Visakapatnam"]
[Date "2022.06.13"]
[Round "1.2"]
[White "Paichadze, Luka"]
[Black "Arul Anandh S P K"]
[Result "1-0"]
[ECO "C02"]
[WhiteElo "2567"]
[BlackElo "1757"]
[Annotator "TA"]
[PlyCount "105"]
[EventDate "2022.06.13"]
[EventType "swiss"]
[EventCountry "IND"]
[SourceTitle "playchess.com"]
[Source "ChessBase"]
[SourceQuality "1"]
[TimeControl "5400+30"]

1. e4 c5 2. Nf3 e6 3. c3 d5 4. e5 Nc6 5. d4 Qb6 6. Bd3 Bd7 7. dxc5 Bxc5 8. O-O Qc7 9. Re1 $1 {[%emt 0:01:10][%mdl 4] is more profitable than 9.b4 at the moment. C02: French: Advance Variation.} Nge7 10. Nbd2 $5 {[%emt 0:02:22][%cal Bb1d2,Bd2b3,Bb3d4][%mdl 4] An interesting side line.} (10. b4 $5 Bb6 11. a4 $11) 10... Ng6 11. Nb3 {[%emt 0:00:45] White is slightly better.} Bb6 12. Nbd4 O-O 13. Qe2 {[%emt 0:05:36] [#]} Rae8 $146 ({Predecessor:} 13... a6 14. h4 f6 15. Bxg6 hxg6 16. Bf4 Nxd4 17. Nxd4 Bxd4 18. cxd4 f5 19. Rac1 Qa5 {1-0 (34) Grischuk,A (2764)-Moskalenko,A (2514) Chess.com INT 2022}) 14. Nxc6 bxc6 15. h4 f6 16. Bxg6 hxg6 17. Be3 {[%emt 0:02:56] Inhibits g5.} c5 18. Bf4 Bc6 19. Bg3 {[%emt 0:04:05] exf6 is the strong threat.} f5 20. Bf4 Qb7 21. Ng5 Bd8 22. f3 Bxg5 23. Bxg5 Rb8 24. b3 Rfc8 25. Qf2 c4 26. b4 a5 27. a3 axb4 28. axb4 Ra8 {[%emt 0:00:11] Prevents Ra7.} 29. Be3 Ba4 30. Bc5 Bb3 (30... Ra6 $14) 31. Ra5 $16 Rxa5 32. bxa5 Qb5 33. Bb4 Rc6 34. Ra1 Ra6 {[%emt 0:00:12] Inhibits Qa7.} 35. Qc5 Qb7 (35... Qxc5+ $142 36. Bxc5 Kf7) 36. Kf2 (36. Qf8+ $142 Kh7 37. Kf2) 36... Rc6 $2 (36... Qb8 $16) 37. Qe7 (37. Qf8+ $18 Kh7 38. Qe8) 37... Qc8 $2 (37... Qxe7 $16 38. Bxe7 Ra6) 38. Qa7 $2 (38. h5 $18 gxh5 39. Rh1) 38... Rc7 (38... Ra6 $16 {is a better defense.} 39. Qe7 Bc2) 39. Qb6 {[%emt 0:01:31] Threatens to win with a6.} Rc6 40. Qb5 {[%emt 0:00:27] aiming for a6.} Ra6 41. Bc5 Kh7 42. Bd4 {[%emt 0:00:56] White is more active.} Bc2 43. Ke3 Bb3 44. Rh1 Ra8 45. Bb6 Qb8 {[%emt 0:00:47] [#]} (45... Ra6 $16 {was worth a try.}) 46. Kd4 (46. Qc6 $1 $18 Qxe5+ 47. Kf2) 46... Qb7 {[%emt 0:00:12] [#]} (46... Qc8 $16) 47. f4 (47. Ra1 $1 $18) 47... Kh6 (47... Qc8 $16 {was necessary.}) 48. Rh3 $2 (48. Ra1 $18) 48... Bc2 $14 49. Qc5 Be4 ({Black should play} 49... Qd7 $1 $14) 50. Qc7 $36 {[%emt 0:02:28][%mdl 2048] White is on the roll. Dancing on a razor blade.} Qa6 (50... Qxc7 $18 51. Bxc7 Bxg2) 51. Qe7 {[%emt 0:00:33] White mates.} Qc8 52. h5 gxh5 {[%emt 0:00:29] [#]} 53. Rxh5+ $3 {[%emt 0:00:16][%mdl 512] Weighted Error Value: White=0.45/Black=0.36} 1-0

[Event "3rd VIZAG GM-Open 2022"]
[Site "Visakapatnam"]
[Date "2022.06.13"]
[Round "1.3"]
[White "Joel Paul Ganta"]
[Black "Harsha Bharathakoti"]
[Result "0-1"]
[ECO "B06"]
[WhiteElo "1733"]
[BlackElo "2547"]
[Annotator "TA"]
[PlyCount "82"]
[EventDate "2022.06.13"]
[EventType "swiss"]
[EventCountry "IND"]
[SourceTitle "playchess.com"]
[Source "ChessBase"]
[SourceQuality "1"]
[TimeControl "5400+30"]

1. e4 g6 2. d4 Bg7 3. Nc3 d6 4. h4 h5 5. Bg5 Nc6 6. Nge2 {[%emt 0:06:11] B06: Modern Defence.} a6 7. a4 Nf6 8. Qd2 {[%emt 0:04:24] [#] White has an edge.} Nb4 $146 ({Predecessor:} 8... O-O 9. f3 {½-½ (9) Gorovets,A (2384)-Bernadskiy,V (2319) Chervonograd 2008}) 9. f3 Nd7 (9... Bd7 $14 {feels stronger.}) 10. Nd1 Nc6 11. c3 Na5 {[%emt 0:04:29] White must now prevent ...Nb3.} 12. Nc1 {[%emt 0:03:08] Against Nb3} c5 $1 13. d5 (13. Rb1 $14) 13... b5 14. axb5 axb5 15. Bxb5 (15. Qf2 $11) 15... Nc4 $1 $15 16. Bxc4 Rxa1 $17 17. O-O Ne5 18. Bb5+ Bd7 19. Be2 O-O 20. Bh6 Qb6 21. Bxg7 Kxg7 22. f4 Ng4 {[%emt 0:00:08] 0x0.0022fa92f1d9dp-1022s more active pieces. The white rooks are badly placed.} 23. Bxg4 Bxg4 24. Ne3 f5 25. e5 Ra4 {[%emt 0:02:49] Against Nc4} 26. b3 {[%emt 0:00:43] [#]} Re4 $36 {[%emt 0:00:35][%mdl 2048] Hoping for ...c4. Black is on the roll.} 27. Nc4 Qd8 28. e6 ({White should try} 28. Qd3 $15) 28... Qa8 29. Kh2 Qa6 30. Re1 Rxe1 31. Qxe1 Qa1 32. Qe3 (32. Qd2 $17) 32... Qb1 {[%emt 0:00:22] aiming for ...Qe4.} 33. Qd2 $2 {[%emt 0:00:26][%mdl 8192] White does not recover from this.} (33. b4 $17 {keeps fighting.} Qe4 34. Qxe4 fxe4 35. bxc5 dxc5 36. Nb3) 33... Qe4 (33... Ra8 $142 {...Ra1 is the strong threat.} 34. Nb2 {[#]} Bd1 $1 ) 34. Nb6 $2 (34. Na3) 34... Rb8 $19 35. Na4 c4 36. b4 (36. bxc4 Qxc4 37. Nb2) 36... Rb5 37. Nc5 dxc5 38. d6 exd6 39. Qxd6 Rb7 40. bxc5 {[%emt 0:00:28] [#]} Bf3 $1 41. gxf3 (41. c6 Qc2) 41... Rb2+ {[%emt 0:00:09] Weighted Error Value: White=0.66/Black=0.17 (very precise)} 0-1

[Event "3rd VIZAG GM-Open 2022"]
[Site "Visakapatnam"]
[Date "2022.06.13"]
[Round "1.4"]
[White "Savchenko, Boris"]
[Black "Bajaj Prakhar"]
[Result "1-0"]
[ECO "B68"]
[WhiteElo "2524"]
[BlackElo "1699"]
[Annotator "TA"]
[PlyCount "67"]
[EventDate "2022.06.13"]
[EventType "swiss"]
[EventCountry "IND"]
[SourceTitle "playchess.com"]
[Source "ChessBase"]
[SourceQuality "1"]
[TimeControl "5400+30"]

1. e4 c5 2. Nf3 d6 3. d4 cxd4 4. Nxd4 Nf6 5. Nc3 Nc6 6. Bg5 e6 7. Qd2 a6 8. O-O-O Bd7 9. f4 Be7 10. Kb1 b5 {[%emt 0:07:22] B68: Sicilian: Richter-Rauzer: 7...a6 8 0-0-0 Bd7 9 f4 Be7 .} 11. Bxf6 (11. g4 {feels hotter.} O-O 12. Nxc6 Bxc6 13. Bxf6 Bxf6 14. Bg2) 11... Bxf6 12. Nxc6 Bxc6 {[%emt 0:00:07] The position is equal.} 13. Qxd6 Qxd6 14. Rxd6 Rc8 {[%emt 0:00:41] [#]} 15. h4 $146 ({Predecessor:} 15. a4 Bxc3 16. bxc3 Bxe4 17. Rxa6 Rxc3 18. Bxb5+ Ke7 19. Re1 Bxc2+ 20. Kb2 Rhc8 21. Rc1 Rb3+ 22. Ka2 Rbc3 23. Kb2 Rb3+ 24. Ka2 Rbc3 25. Kb2 Rb3+ 26. Ka2 Rbc3 {½-½ (26) Yu,Y (2705)-Salem,A (2586) Doha 2014}) 15... Bxc3 16. bxc3 Bxe4 17. Rxa6 Ke7 ({Better is} 17... Rxc3 $15 18. Bd3 (18. Bxb5+ Ke7 $15) 18... Bxd3 19. cxd3 (19. Ra8+ Ke7 $15) 19... O-O) 18. Rh3 Bf5 {[%emt 0:10:15] White leaves nothing to chance now.} (18... Rcd8 $14 19. Kc1 Ra8 20. Bxb5 Rxa6 21. Bxa6 Bxg2) 19. Ra7+ Kf6 20. Re3 Rhd8 {[%emt 0:05:45] [#]} (20... b4 $16) 21. Be2 $1 $18 {[%emt 0:20:22] Hoping for g4.} h5 (21... Rd2 $2 22. g4 Rxe2 23. g5+ (23. Rxe2 Bxg4 24. Rg2 Bf3 $16) 23... Kg6 24. Rxe2) 22. Kc1 {[%emt 0:03:50] Prevents Rd2.} (22. Bxb5 Rb8 23. a4 Rd2 $14) 22... Rd5 ({Not} 22... Ra8 23. Rxa8 Rxa8 24. Kb2 $16) (22... b4 $142 23. Bxh5 g6) 23. Bxh5 g6 24. Be2 e5 25. fxe5+ Rxe5 {[%emt 0:00:10] [#]} 26. Rxf7+ $3 Kxf7 (26... Ke6 27. Rxe5+) 27. Rxe5 Rxc3 {[%emt 0:00:05][%mdl 4096] Endgame KRB-KRB} 28. g4 ({Weaker is} 28. Bxb5 Rxc2+ 29. Kd1 Rxg2 $14) 28... Bxc2 29. Kd2 b4 30. a3 Ba4 31. axb4 Rc2+ {[%emt 0:00:07] White is clearly winning.} 32. Ke3 Rb2 33. b5 Kf6 34. Kf4 {[%emt 0:00:27] Weighted Error Value: White=0.03 (flawless) /Black=0.35} 1-0

[Event "3rd VIZAG GM-Open 2022"]
[Site "Visakapatnam"]
[Date "2022.06.13"]
[Round "1.5"]
[White "Nawin M S"]
[Black "Fedorov, Alexei"]
[Result "0-1"]
[ECO "B23"]
[WhiteElo "1714"]
[BlackElo "2529"]
[Annotator "TA"]
[PlyCount "140"]
[EventDate "2022.06.13"]
[EventType "swiss"]
[EventCountry "IND"]
[SourceTitle "playchess.com"]
[Source "ChessBase"]
[SourceQuality "1"]
[TimeControl "5400+30"]

1. e4 c5 2. Nc3 a6 3. g3 b5 4. Bg2 Bb7 5. d3 e6 6. Nh3 b4 {[%emt 0:02:12] B23: Closed Sicilian: Lines without g3.} 7. Na4 d6 8. O-O {[%emt 0:03:52] [#]} Nd7 $146 {[%emt 0:00:25] The position is equal.} (8... Bc6 $5 9. b3 Nd7 $14) ({Predecessor:} 8... Be7 9. Nf4 Bc6 10. b3 Nf6 11. a3 a5 12. Nb2 Nbd7 13. Nc4 e5 14. Nh5 Nxh5 15. Qxh5 {1-0 (49) Santos Latasa,J (2545)-Silva,L (2276) Porto 2016}) 9. b3 Ngf6 10. f4 Be7 11. f5 exf5 12. Rxf5 O-O 13. Rf1 d5 14. Re1 dxe4 15. dxe4 Ne5 16. Bb2 Qc7 17. Nb6 Rad8 (17... Qxb6 $17 18. Bxe5 c4+ 19. Bd4 Bc5 20. Bxc5 Qxc5+ 21. Nf2 Rae8) 18. Qe2 Qxb6 $17 19. Bxe5 Nd7 20. Bf4 Bf6 21. Rad1 Bd4+ 22. Kh1 Rfe8 23. Nf2 Nf6 24. Bg5 h6 25. Bxf6 Qxf6 26. Nd3 Qg5 27. Qf3 Bc3 28. Rf1 Qe7 {[%emt 0:00:00] Active counter play!} ({But not} 28... Bxe4 $6 29. Qxf7+ Kh7 30. Bxe4+ Rxe4 31. h4 $15) 29. Qf5 g6 (29... Bd4 $17 30. Rfe1 Qc7) 30. Qxc5 $15 Bxe4 {[%emt 0:00:00] This bishop pair is nice.} 31. Qxe7 Bxg2+ 32. Kxg2 Rxe7 33. Nf4 {[%emt 0:01:05] Inhibits Rd5.} (33. Rf4 $15) 33... Red7 ({Better is} 33... Rxd1 $17 34. Rxd1 g5) 34. Rxd7 $11 Rxd7 {[%emt 0:00:00][%mdl 4096] Endgame KRB-KRN} 35. Nd3 Re7 36. Rf4 a5 37. Kf3 f5 38. Rc4 Kg7 39. Rc5 Bd4 40. Rxa5 Re3+ 41. Kg2 Re2+ 42. Kf1 Rxc2 43. Nxb4 $2 {[%emt 0:00:07] Loses the game.} (43. h3 $11 {and White stays safe.}) 43... Rf2+ $19 ({Weaker is} 43... Rxh2 44. Rd5 Bc3 45. Nd3 $15) 44. Ke1 Rxh2 {[%emt 0:00:04] [#] White must now prevent ...Bc3+.} 45. Nd5 {[%emt 0:00:42] Against Bc3+} (45. Kf1) 45... h5 ({Don't blunder} 45... Bf2+ $2 46. Kf1 $19) 46. b4 Bf2+ 47. Kf1 Bxg3 {[%emt 0:00:10] aiming for ...f4.} 48. Ra3 h4 49. b5 Rf2+ 50. Kg1 Rd2 51. Ne3 Rb2 52. Nf1 Bf2+ 53. Kh1 Rxb5 54. Rb3 Ra5 (54... Rxb3 $142 55. axb3 g5) 55. Rb2 Bd4 56. Rd2 Be5 57. Rc2 Bf4 58. Kg2 Kh6 {[%emt 0:00:46] [#] ...g5 is the strong threat.} 59. Rf2 g5 {[%emt 0:00:13] Hoping for ...Ra4.} 60. Rc2 Kh5 {[%emt 0:00:09] Threatens to win with ...g4.} 61. Kg1 g4 {[%emt 0:00:17] ( -> ...h3)} 62. Kg2 Kg5 {[%emt 0:00:14] Black mates.} 63. Kg1 Ra3 64. Kg2 h3+ 65. Kg1 g3 66. Rb2 g2 67. Nd2 Be3+ 68. Kh2 g1=Q+ 69. Kxh3 Bf4+ 70. Rb3 Qh2# {[%emt 0:02:00] Weighted Error Value: White=0.61/Black=0.26 (precise)} 0-1

[Event "3rd VIZAG GM-Open 2022"]
[Site "Visakapatnam"]
[Date "2022.06.13"]
[Round "1.6"]
[White "Mitrabha, Guha"]
[Black "Vijay, Anand M."]
[Result "1-0"]
[ECO "A35"]
[WhiteElo "2500"]
[BlackElo "1735"]
[Annotator "TA"]
[PlyCount "59"]
[EventDate "2022.06.13"]
[EventType "swiss"]
[EventCountry "IND"]
[SourceTitle "playchess.com"]
[Source "ChessBase"]
[SourceQuality "1"]
[TimeControl "5400+30"]

1. Nf3 Nf6 2. c4 c5 3. Nc3 Nc6 4. e3 g6 5. d4 cxd4 6. exd4 d5 7. cxd5 Nxd5 8. Qb3 Nxc3 9. Bc4 e6 10. bxc3 Bg7 11. Ba3 Bf8 12. Bc1 Bg7 13. h4 {[%emt 0:00:27] A35: Symmetrical English: 2 Nc3 Nc6 3 Nf3.} h5 (13... O-O $142) 14. Ba3 {[%emt 0:04:44] And now d5 would win.} Bf8 15. O-O (15. Bd3 $14) 15... Bxa3 ({Better is} 15... Na5 $1 $11 16. Bb5+ Bd7) 16. Qxa3 $14 Qe7 17. Qc1 O-O {[%emt 0:00:00] [#]} 18. Rb1 $146 (18. Re1 {is interesting.} Kg7 19. Qf4 Qf6 20. Qc7) ({Predecessor:} 18. Re1 Qf6 19. Ng5 Ne7 20. Ne4 Qg7 21. Qg5 f6 22. Qf4 Nd5 23. Bxd5 exd5 24. Nd6 Qc7 25. Re3 Bf5 26. Rae1 Be4 27. g3 Rad8 28. f3 {1-0 (26) Galperin,P (2522)-Selebran,H (2094) Rochefort 2022}) 18... Qf6 (18... b6 $11) 19. Rb5 (19. Ng5 $1 $16) 19... Ne7 (19... b6 $11) 20. Rg5 $16 Bd7 ({Black should try} 20... Qg7) 21. Ne5 Bc6 22. Re1 Kg7 {[%emt 0:00:00] [#]} 23. Bd3 (23. f4 $1 $18 {has better winning chances.}) 23... Rac8 24. Re3 {[%emt 0:08:24] 0x0.00166c6c8578dp-1022s more active pieces.} (24. Qd1 $5 ) 24... Qf4 (24... Nf5 $1 $14) 25. Qb1 (25. Rxh5 $18 {[%cal Og2g3] Threatens to win with g3!} Bxg2 {[#]} 26. Kxg2 $1) 25... Qxh4 (25... Rc7 $16 {was called for.}) 26. Reg3 $18 {[%emt 0:00:17][%cal Rd3g6] Chess con chili.} Kf6 {[%emt 0:00:00] [#]} (26... Qf4 27. Bxg6 fxg6 28. Rxg6+ Kh8) 27. Bxg6 $1 {[%emt 0:06:26][%mdl 512] White is clearly winning.} Nxg6 (27... Qxg5 28. Rxg5) 28. Rxg6+ ({Worse is} 28. Nxg6 Be4 29. Nxh4 Bxb1 $11) 28... Ke7 29. Rg7 {[%emt 0:02:50][%cal Oe5f7] Intending Nxf7! and mate.} Qf4 30. Ng6+ {[%emt 0:00:02] Weighted Error Value: White=0.31/Black=0.73} 1-0

[Event "3rd VIZAG GM-Open 2022"]
[Site "Visakapatnam"]
[Date "2022.06.13"]
[Round "1.7"]
[White "Shounak Mazumder"]
[Black "Nikitenko, Mihail"]
[Result "1/2-1/2"]
[ECO "B17"]
[WhiteElo "1709"]
[BlackElo "2479"]
[Annotator "TA"]
[PlyCount "110"]
[EventDate "2022.06.13"]
[EventType "swiss"]
[EventCountry "IND"]
[SourceTitle "playchess.com"]
[Source "ChessBase"]
[SourceQuality "1"]
[TimeControl "5400+30"]

1. e4 c6 2. Nc3 d5 3. Nf3 dxe4 4. Nxe4 Nd7 5. d4 Ngf6 6. Nxf6+ Nxf6 7. Bd3 Bg4 8. c3 e6 9. h3 Bh5 10. Bf4 {[%emt 0:01:04] B17: Caro-Kann: Modern Line (4...Nd7).} Bd6 11. Bxd6 Qxd6 12. Qe2 O-O-O 13. g4 Bg6 {[%emt 0:00:06] [#]} 14. O-O-O $146 ({Predecessor:} 14. Ne5 Bxd3 15. Nxd3 Qd5 16. f3 Nd7 17. Qe4 Qa5 18. f4 Nf6 19. Qe5 Rd5 20. Qe2 Rxd4 {0-1 (55) Eshan,B (1440)-Nikitenko,M (2479) Bhubaneswar 2022}) 14... Rhe8 15. Ne5 Qc7 16. h4 (16. Nxg6 hxg6 17. Qf3 Nd5 $11) 16... Nd5 17. h5 Bxd3 18. Nxd3 Qa5 19. a3 h6 20. Qd2 Re7 21. f4 (21. c4 Qxd2+ 22. Rxd2 Nf6 $15) 21... Nf6 22. Ne5 Rc7 23. g5 Ne4 24. Qe3 Nd6 25. Kb1 Nf5 26. Qf2 Qd5 27. Rhe1 hxg5 (27... Kb8 $14) 28. fxg5 $16 Rh8 $2 (28... Qb5 $16 {is a better chance.}) 29. c4 $18 Qd6 30. g6 fxg6 31. hxg6 {[%emt 0:00:20] [#] And now Nf7 would win.} Re7 (31... Rf8 32. Nf7 Qg3 33. Qxg3 Nxg3 34. Rxe6 Nh5) 32. d5 Rh5 33. c5 Qd8 34. d6 Rd7 35. Nxd7 Qxd7 36. Rxe6 Qxe6 37. d7+ Kd8 38. Qf4 {[%emt 0:00:12] [#] Intending Qb8+ and mate.} Nd4 39. Qf8+ Kxd7 40. Rxd4+ {[%emt 0:00:30][%mdl 4096] Endgame KQR-KQR} Rd5 41. Qxg7+ Ke8 42. Qh8+ Kd7 43. Qh7+ Kc8 44. Rxd5 {[%emt 0:00:22] White wants to mate with Qh8+.} Qxd5 {[%emt 0:00:04] KQ-KQ} 45. Qh8+ ({And not} 45. g7 Qd1+ 46. Ka2 Qd5+ 47. b3 Qg2+ 48. Ka1 Qg1+ 49. Kb2 Qd4+ 50. Kc2 Qf2+ 51. Kd1 Qf1+ 52. Kd2 Qf2+ 53. Kd3 Qf3+ 54. Kc4 Qf7+ 55. Kd4 (55. Kc3 Qf6+ 56. Kd3 Qf3+ 57. Kd4 Qf2+ 58. Ke5 Qxc5+ 59. Kf4 Qf2+ 60. Kg5 Qd2+ 61. Kg6 Qd6+ 62. Kh5 Qh2+ 63. Kg6 Qd6+ 64. Kg5 Qg3+ 65. Kh6 Qh2+ 66. Kg6 Qd6+ $11) 55... Qf2+ 56. Ke5 Qxc5+ 57. Ke6 Qd5+ 58. Ke7 Qd8+ 59. Kf7 Qd7+ 60. Kf6 Qd4+ 61. Kg5 Qd2+ 62. Kg4 Qg2+ 63. Kh5 (63. Kf4 Qf2+ 64. Ke5 Qg3+ 65. Ke6 Qg4+ 66. Ke7 Qd7+ 67. Kf8 Qd8+ 68. Kf7 Qd7+ 69. Kf6 Qd4+ 70. Kg6 Qd3+ 71. Kh6 Qe3+ 72. Kh5 Qh3+ 73. Kg6 Qd3+ 74. Kh6 Qh3+ 75. Kg6 Qd3+ $11) 63... Qh3+ 64. Kg6 Qd3+ 65. Kh6 Qe3+ 66. Kh5 Qh3+ 67. Kg6 Qd3+ 68. Kh6 Qh3+ 69. Kg6 $11) (45. Qf7 $142 Qxc5 46. g7) 45... Kd7 46. Qh7+ $2 (46. Qg7+ $18 Ke8 47. Qxb7) 46... Ke8 $2 (46... Kc8 $11 {and Black is okay.}) 47. g7 $2 (47. Qxb7 $18 Kf8 48. Qb8+ (48. Qxa7 Qd1+ 49. Ka2 Qd5+ 50. b3 Qd2+ 51. Kb1 Qd1+ 52. Kb2 Qd2+ 53. Kb1 Qd1+ 54. Kb2 Qd2+ 55. Kb1 $11) 48... Kg7 49. Qxa7+ Kxg6 50. Qa4) 47... Qd1+ $11 {[%emt 0:00:06] The position is equal.} 48. Ka2 Qd5+ 49. b3 Qd2+ 50. Kb1 Qd1+ 51. Kb2 Qd2+ 52. Kb1 Qd1+ 53. Kb2 Qd2+ 54. Qc2 Qxc2+ 55. Kxc2 Kf7 {[%emt 0:00:00] Blacks defense is rewarded with a draw.  Weighted Error Value: White=0.62/Black=0.59} 1/2-1/2

[Event "3rd VIZAG GM-Open 2022"]
[Site "Visakapatnam"]
[Date "2022.06.13"]
[Round "1.8"]
[White "Nigmatov, Ortik"]
[Black "Abhinav, Chakrapani Santhalay"]
[Result "1-0"]
[ECO "C10"]
[WhiteElo "2463"]
[BlackElo "1712"]
[Annotator "TA"]
[PlyCount "45"]
[EventDate "2022.06.13"]
[EventType "swiss"]
[EventCountry "IND"]
[SourceTitle "playchess.com"]
[Source "ChessBase"]
[SourceQuality "1"]
[TimeControl "5400+30"]

1. e4 e6 2. d4 d5 3. Nc3 dxe4 4. Nxe4 Nd7 5. Nf3 Ngf6 6. Nxf6+ Nxf6 7. a4 {[%emt 0:02:47] [#] 7.c3 is the modern continuation. C10: French with 3 Nc3: Unusual Black 3rd moves and 3...dxe4.} c5 $146 ({Predecessor:} 7... Be7 8. g3 Bd7 9. Ne5 Bc6 10. Nxc6 bxc6 11. Bg2 Nd5 12. O-O O-O 13. h4 Rb8 14. a5 Bf6 {1-0 (41) Paravyan,D (2617)-Timofeev,A (2574) Sochi 2022}) 8. Bg5 cxd4 9. Bxf6 {[%emt 0:12:02] The position is equal.} gxf6 10. Nxd4 a6 {[%emt 0:07:41] Prevents Bb5+.} 11. Bd3 h5 (11... Qxd4 $2 12. Bb5+ $1 Qd7 13. Bxd7+ $18) 12. O-O Bc5 (12... Qxd4 $2 13. Bb5+ $1 Qd7 14. Bxd7+ $18) 13. c3 Qc7 14. Qf3 Be7 15. Rfe1 Bd7 16. b4 Qxc3 $2 {[%emt 0:14:12][%mdl 8192] [#]} (16... Rd8 $11) 17. Nxe6 $1 $18 Rc8 (17... Bxe6 $2 {[#]} 18. Bb5+ $1 axb5 19. Qxc3 $18) 18. Nf4 {[%emt 0:13:47][%cal Oe1e7] Strongly threatening Rxe7+!} ({Much less strong is} 18. Nc5 Bc6 19. Qf4 Rd8 $18) 18... Bc6 19. Qh3 Rd8 {[%emt 0:00:39] [#]} (19... Kd8 {is a better defense.} 20. Rac1 Bd7) 20. Ng6 $1 {[%emt 0:01:04][%csl Gg6][%cal Re1e7][%mdl 512] White is clearly winning.} Be4 (20... Qxa1 21. Rxa1) 21. Bb5+ axb5 22. Qxc3 Bxg6 23. Qxf6 {[%emt 0:00:08] Weighted Error Value: White=0.02 (flawless) /Black=0.66} 1-0

[Event "3rd VIZAG GM-Open 2022"]
[Site "Visakapatnam"]
[Date "2022.06.13"]
[Round "1.9"]
[White "Baidya, Kaushik"]
[Black "Stupak, Kirill"]
[Result "0-1"]
[ECO "B13"]
[WhiteElo "1702"]
[BlackElo "2440"]
[Annotator "RC"]
[PlyCount "88"]
[EventDate "2022.06.13"]
[EventType "swiss"]
[EventCountry "IND"]
[SourceTitle "playchess.com"]
[Source "ChessBase"]
[SourceQuality "1"]
[TimeControl "5400+30"]

1. e4 c6 2. d4 d5 3. exd5 cxd5 4. Bd3 Nc6 5. c3 Nf6 6. Bg5 Bg4 7. Nf3 e6 8. Nbd2 Bd6 9. h3 Bh5 10. O-O Qc7 11. Qc2 Nd7 12. a3 h6 13. Be3 Ne7 14. c4 dxc4 15. Qxc4 O-O 16. Qxc7 Bxc7 17. Rac1 Rac8 18. Rc2 Bb8 19. Rfc1 Rcd8 20. g4 Bg6 21. Bxg6 Nxg6 22. Nc4 Nf4 23. h4 b6 24. Nce5 Nxe5 25. Nxe5 Bxe5 26. dxe5 Nd3 27. Rd1 Nxe5 28. Rxd8 Rxd8 29. Rc7 Nxg4 30. Rxa7 Rd1+ 31. Kg2 Nxe3+ 32. fxe3 Rd2+ 33. Kf3 Rxb2 34. a4 Rb4 35. Kg3 Re4 36. Ra6 Rxe3+ 37. Kf4 Rb3 38. a5 bxa5 39. Rxa5 g6 40. Ke5 Rb4 41. Kf6 Rf4+ 42. Ke7 Rxh4 43. Ra8+ Kg7 44. Rf8 Rf4 0-1